 Dungeon Crawl Stone Soup version 0.30-a0-862-g1aabd4f9c5 (webtiles) character file.

Game seed: 3209568801088127908

63 scionoferis the Grave Robber (level 3, -2/26 HPs)
             Began as a Mummy Necromancer on Mar 9, 2023.
             Slain by a black bear (4 damage)
             ... on level 4 of the Dungeon.
             The game lasted 00:07:28 (2124 turns).

scionoferis the Grave Robber (Mummy Necromancer)    Turns: 2124, Time: 00:07:29

Health: -2/26      AC:  2    Str: 11    XL:     3   Next: 89%
Magic:  2/7        EV: 12    Int: 16    God:
Gold:   126        SH:  0    Dex: 12    Spells: 4/8 levels left

rFire   x . .      SeeInvis .    a - +1 whip (elec)
rCold   + . .      Faith    +    (no shield)
rNeg    + + +      Spirit   .    c - +0 robe
rPois   ∞          Reflect  .    (no helmet)
rElec   .          Rampage  .    (no cloak)
rCorr   .                        (no gloves)
Will    .....                    (no boots)
Stlth   ++                       (no amulet)
HPRegen 0.24/turn                (no ring)
MPRegen 0.10/turn                (no ring)

@: very slightly contaminated
A: cold resistance 1, negative energy resistance 3, torment resistance 2, heat
vulnerability 1, in touch with death 1, no potions, faith
a: no special abilities


You were on level 4 of the Dungeon.
You visited 1 branch of the dungeon, and saw 4 of its levels.

You collected 126 gold pieces.


Innate Abilities, Weirdness & Mutations

You are immune to poison.
Your flesh is cold resistant. (rC+)
You are immune to negative energy. (rN+++)
You are immune to unholy pain and torment.
You are vulnerable to heat. (rF-)
You are in touch with the powers of death.
You do not drink.
You have a special connection with the divine. (Faith)


   Skills:
 + Level 1.4 Fighting
 - Level 1.5 Dodging
 + Level 2.1 Stealth
 + Level 3.4 Spellcasting
 * Level 4.6 Necromancy


You had 4 spell levels left.
You knew the following spells:

 Your Spells              Type           Power      Damage    Failure   Level
a - Necrotise             Necr           100%       1d9       2%          1
b - Vampiric Draining     Necr           26%        2d7       8%          3

Your spell library contained the following spells:

 Spells                   Type           Power      Damage    Failure   Level
 Animate Dead             Necr           26%        N/A       26%         4
 Gell's Gravitas          Tloc           2%         N/A       47%         3
 Teleport Other           Tloc           2%         N/A       47%         3
 Agony                    Necr           26%        N/A       58%         5
 Dispersal                Tloc           1%         N/A       100%        6

Inventory:

Hand Weapons
 a - a +1 whip of electrocution (weapon)
   (You took it off a kobold on level 2 of the Dungeon)
 b - a +0 sling
   (You found it on level 1 of the Dungeon)
 d - a +0 dagger
   (You took it off a goblin on level 1 of the Dungeon)
 k - a +0 short sword
   (You took it off a kobold on level 1 of the Dungeon)
Armour
 c - a +0 robe (worn)
Jewellery
 m - a +6 ring of dexterity
   (You found it on level 4 of the Dungeon)
Scrolls
 e - a scroll of noise {unknown}
 f - a scroll of fog {unknown}
 g - 2 scrolls of immolation {unknown}
 h - 2 scrolls of magic mapping {unknown}
 i - 6 scrolls of identify {unknown}
 j - a scroll of enchant weapon {unknown}
 l - a scroll of enchant armour {unknown}

Dungeon Overview and Level Annotations

Branches:
Dungeon (4/15)
 Temple: D:4-7

Altars:

#..............#
#.......##.....#
...###.....##.....#
#.......########## ..
#######.# .. #.# .##.#
.. ####.#### .##.#
#..# #.hZ....#
.##.###..# #@##.##.#
.........#######.##.#
..
.....##.##.......##..
##
...........#####.#####
.........### #.#
.....##..# #..
.###.#...# #.## .#
#.#.#.# #.#
.###....<## #.#


You could see a black bear (ally target) and a friendly kobold skeleton.


Message History

Okay, then.
A jackal comes into view.
The jackal barks!
A jackal comes into view.
Aiming: Necrotise (safe; 4% risk of failure)
Press: ? - help, Q - select action Shift-Dir - straight line, f - jackal
Aim: a jackal (ally target, chance to affect: 83%)
The jackal writhes in agony.
A jackal comes into view.
Your ball python skeleton bites the jackal.
Your ball python skeleton misses the jackal.
Aiming: Necrotise (safe; 4% risk of failure)
Press: ? - help, Q - select action Shift-Dir - straight line, f/p - jackal
Aim: a jackal (moderately wounded, ally target, chance to affect: 83%)
The jackal writhes in agony.
The jackal bites your ball python skeleton.
Your ball python skeleton closely misses the jackal.
Your ball python skeleton grabs the jackal.
Your ball python skeleton constricts the jackal.
Aiming: Necrotise (safe; 4% risk of failure)
Press: ? - help, Q - select action Shift-Dir - straight line, f/p - jackal
Aim: a jackal (heavily wounded, chance to affect: 83%)
The jackal barely resists.
The jackal bites you but does no damage.
The jackal bites your ball python skeleton. x2
Your ball python skeleton is destroyed!
The jackal completely misses you.
You hit the jackal.
The jackal is heavily wounded.
The jackal bites you.
You hit the jackal.
The jackal is almost dead.
The jackal barely misses you.
You barely miss the jackal.
The jackal is almost dead.
The jackal barely misses you. x2
You hit the jackal but do no damage.
The jackal is almost dead.
The jackal closely misses you.
You hit the jackal but do no damage.
The jackal is almost dead.
The jackal closely misses you. The jackal misses you.
You hit the jackal.
You kill the jackal!
Aiming: Necrotise (safe; 4% risk of failure)
Press: ? - help, Q - select action Shift-Dir - straight line, f/p - jackal
Aim: a jackal (heavily wounded, chance to affect: 83%)
The jackal writhes in agony.
The jackal barely misses you.
Unknown command.
You hit the jackal.
The jackal is moderately wounded.
The jackal bites you. x2
You closely miss the jackal.
The jackal is moderately wounded.
The jackal closely misses you.
You barely miss the jackal.
The jackal is moderately wounded.
The jackal barely misses you.
The jackal bites you but does no damage.
You closely miss the jackal.
The jackal is moderately wounded.
The jackal barely misses you.
You closely miss the jackal.
The jackal is moderately wounded.
The jackal completely misses you.
You hit the jackal but do no damage.
The jackal is moderately wounded.
The jackal bites you.
The jackal bites you but does no damage.
You barely miss the jackal.
The jackal is moderately wounded.
The jackal bites you but does no damage.
You closely miss the jackal.
The jackal is moderately wounded.
The jackal bites you. The jackal closely misses you.
Aiming: Necrotise (safe; 4% risk of failure)
Press: ? - help, Q - select action Shift-Dir - straight line, f/p - jackal
Aim: a jackal (heavily wounded, chance to affect: 83%)
The jackal writhes in agony.
You kill the jackal!
The dead are walking!
You swap places.
The jackal bites your jackal skeleton.
Your jackal skeleton bites the jackal but does no damage.
The jackal bites your jackal skeleton.
Your jackal skeleton barely misses the jackal.
The jackal bites your jackal skeleton.
Your jackal skeleton is destroyed!
The jackal barks!
The jackal attacks as you move away! The jackal barely misses you.
The jackal bites you. The jackal attacks as you move away!
The jackal barely misses you.
Aiming: Necrotise (safe; 4% risk of failure)
Press: ? - help, Q - select action Shift-Dir - straight line, f/p - jackal
Aim: a jackal (moderately wounded, chance to affect: 83%)
The jackal writhes in agony.
You kill the jackal!
The dead are walking!
You hit the jackal but do no damage. The jackal bites you. x2
Your jackal skeleton bites the jackal but does no damage.
You hit the jackal but do no damage. The jackal barely misses you.
Your jackal skeleton closely misses the jackal.
You barely miss the jackal.
The jackal bites you but does no damage.
Your jackal skeleton bites the jackal but does no damage.
The jackal closely misses you.
You miss the jackal.
Your jackal skeleton closely misses the jackal.
The jackal barely misses you.
You hit the jackal.
The jackal is severely wounded.
Your jackal skeleton bites the jackal but does no damage.
The jackal completely misses you.
Your jackal skeleton closely misses the jackal.
You hit the jackal.
The jackal is almost dead.
The jackal closely misses you. x2
Your jackal skeleton bites the jackal but does no damage.
You hit the jackal but do no damage.
The jackal is almost dead.
The jackal completely misses you.
Your jackal skeleton bites the jackal but does no damage.
You barely miss the jackal.
The jackal is almost dead.
The jackal closely misses you.
Your jackal skeleton misses the jackal.
The jackal barely misses you.
You closely miss the jackal.
The jackal is almost dead.
Your jackal skeleton bites the jackal but does no damage.
The jackal misses you.
You hit the jackal but do no damage.
The jackal is almost dead.
Your jackal skeleton barely misses the jackal.
The jackal barely misses you.
Your jackal skeleton closely misses the jackal.
You barely miss the jackal.
The jackal is almost dead.
The jackal closely misses you. The jackal completely misses you.
Your jackal skeleton bites the jackal but does no damage.
Aiming: Necrotise (safe; 4% risk of failure)
Press: ? - help, Q - select action Shift-Dir - straight line, f - jackal
Aim: a jackal (almost dead, ally target, chance to affect: 83%)
The jackal writhes in agony.
You kill the jackal!
The dead are walking!
You start resting.
Your jackal skeleton crumbles into dust!
HP restored.
You start resting.
Your jackal skeleton crumbles into dust!
Magic restored.
You open the door.
An endoplasm comes into view.
Aiming: Necrotise (safe; 4% risk of failure)
Press: ? - help, Q - select action Shift-Dir - straight line, f - endoplasm
Aim: an endoplasm (asleep, chance to affect: 83%)
The endoplasm quivers.
The endoplasm writhes in agony.
Unknown command.
Aiming: Necrotise (safe; 4% risk of failure)
Press: ? - help, Q - select action Shift-Dir - straight line, f/p - endoplasm
Aim: an endoplasm (almost dead, chance to affect: 83%)
The endoplasm writhes in agony.
You kill the endoplasm!
You have reached level 2!
Okay, then.
There is an open door here.
Found a metallic yellow potion.
You see here a metallic yellow potion.
Found a robe.
A dart slug comes into view.
Aiming: Necrotise (safe; 3% risk of failure)
Press: ? - help, Q - select action Shift-Dir - straight line, f - dart slug
Aim: a dart slug (asleep, chance to affect: 83%)
The dart slug writhes in agony.
Unknown command.
Aiming: Necrotise (safe; 3% risk of failure)
Press: ? - help, Q - select action Shift-Dir - straight line, f/p - dart slug
Aim: a dart slug (heavily wounded, chance to affect: 83%)
The dart slug writhes in agony.
Unknown command.
Aiming: Necrotise (safe; 3% risk of failure)
Press: ? - help, Q - select action Shift-Dir - straight line, f/p - dart slug
Aim: a dart slug (almost dead, chance to affect: 83%)
The dart slug writhes in agony.
You kill the dart slug!
Unknown command.
A ball python comes into view.
The ball python hisses angrily.
Aiming: Necrotise (safe; 3% risk of failure)
Press: ? - help, Q - select action Shift-Dir - straight line, f - ball python
Aim: a ball python (chance to affect: 83%)
The ball python writhes in agony.
You kill the ball python!
The dead are slithering!
You swap places.
A goblin comes into view. It is wielding a +0 dagger.
Aiming: Necrotise (safe; 3% risk of failure)
Press: ? - help, Q - select action Shift-Dir - straight line, f - you
Okay, then.
A dart slug comes into view.
The goblin shouts!
The dart slug moves out of view.
Aiming: Necrotise (safe; 3% risk of failure)
Press: ? - help, Q - select action Shift-Dir - straight line, f - goblin
Aim: a goblin, wielding a +0 dagger (chance to affect: 83%)
The goblin writhes in agony.
You kill the goblin!
The dead are walking!
Your Spellcasting skill increases to level 3!
A hobgoblin comes into view.
Your ball python skeleton crumbles into dust!
The dart slug launches a dart at you. The slug dart hits you.
Aiming: Necrotise (safe; 3% risk of failure)
Press: ? - help, Q - select action Shift-Dir - straight line, f - dart slug
Aim: a dart slug (chance to affect: 84%)
The dart slug writhes in agony.
Unknown command.
Aiming: Necrotise (safe; 3% risk of failure)
Press: ? - help, Q - select action Shift-Dir - straight line, f/p - dart slug
Aim: a dart slug (heavily wounded, ally target, chance to affect: 84%)
The dart slug writhes in agony.
You kill the dart slug!
The hobgoblin hits your goblin skeleton.
The hobgoblin hits your goblin skeleton.
Your goblin skeleton is destroyed!
Aiming: Necrotise (safe; 3% risk of failure)
Press: ? - help, Q - select action Shift-Dir - straight line, f - hobgoblin
Aim: a hobgoblin (chance to affect: 84%)
You miscast Necrotise.
You are very lightly contaminated with residual magic.
Nothing appears to happen.
Aiming: Necrotise (safe; 3% risk of failure)
Press: ? - help, Q - select action Shift-Dir - straight line, f/p - hobgoblin
Aim: a hobgoblin (chance to affect: 84%)
The hobgoblin writhes in agony.
Unknown command.
Found a brown potion.
Aiming: Necrotise (safe; 3% risk of failure)
Press: ? - help, Q - select action Shift-Dir - straight line, f/p - hobgoblin
Aim: a hobgoblin (moderately wounded, chance to affect: 84%)
The hobgoblin writhes in agony.
Unknown command.
Your magical contamination has completely faded away.
Aiming: Necrotise (safe; 3% risk of failure)
Press: ? - help, Q - select action Shift-Dir - straight line, f/p - hobgoblin
Aim: a hobgoblin (heavily wounded, chance to affect: 84%)
The hobgoblin writhes in agony.
You kill the hobgoblin!
Unknown command.
You see here a dart slug corpse.
You see here a +0 dagger.
b - a +0 dagger
b - a +0 dagger (weapon)
You start resting.
Magic restored.
Found a stone staircase leading down.
You now have 4 gold pieces.
There is a stone staircase leading down here.
As you open the door, it creaks loudly!
You hear an angry hiss.
A ball python comes into view.
The ball python hisses angrily.
The ball python bites you. The ball python grabs you.
The ball python constricts you.
There is an open door here.
Aiming: Necrotise (safe; 3% risk of failure)
Press: ? - help, Q - select action Shift-Dir - straight line, f - ball python
Aim: a ball python (constricting you, chance to affect: 84%)
The ball python writhes in agony.
You kill the ball python!
The dead are slithering!
HP restored.
You swap places.
Found a dagger.
A kobold comes into view. It is wielding a +0 short sword.
Aiming: Necrotise (safe; 3% risk of failure)
Press: ? - help, Q - select action Shift-Dir - straight line, f - you
Okay, then.
Aiming: Necrotise (safe; 3% risk of failure)
Press: ? - help, Q - select action Shift-Dir - straight line, f - kobold
Aim: a kobold, wielding a +0 short sword and quivering stones (asleep, ally target, chance to affect: 84%)
The kobold shouts!
The kobold writhes in agony.
You kill the kobold!
Unknown command.
Found three items.
Things that are here:
a +0 short sword; 4 stones
c - a +0 short sword Your ball python skeleton crumbles into dust!
d - a scroll labelled WOEMNO CIOLU
e - a scroll labelled QUMIRGH AMANI You now have 21 gold pieces (gained 17).
f - a scroll labelled NET ESIGAAXO Adjust to which letter? (? for menu, Esc to quit)
a - a +0 short sword;
c - a +0 robe (worn)
Adjust to which letter? (? for menu, Esc to quit)
d - a +0 dagger (weapon);
b - a scroll labelled WOEMNO CIOLU
a - a +0 short sword (weapon)
A ball python comes into view.
Your kobold skeleton crumbles into dust!
Aiming: Necrotise (safe; 3% risk of failure)
Press: ? - help, Q - select action Shift-Dir - straight line, f - ball python
Aim: a ball python (chance to affect: 84%)
The ball python barely resists.
Unknown command.
Aiming: Necrotise (safe; 3% risk of failure)
Press: ? - help, Q - select action Shift-Dir - straight line, f/p - ball python
Aim: a ball python (chance to affect: 84%)
The ball python writhes in agony.
The ball python closely misses you. The ball python grabs you.
The ball python constricts you.
Aiming: Necrotise (safe; 3% risk of failure)
Press: ? - help, Q - select action Shift-Dir - straight line, f/p - ball python
Aim: a ball python (severely wounded, constricting you, chance to affect: 84%)
The ball python writhes in agony.
You kill the ball python!
The dead are slithering!
Your ball python skeleton crumbles into dust!
A bat comes into view.
Found a metallic yellow potion and 9 gold pieces.
Found an escape hatch in the floor.
An endoplasm comes into view.
The bat barely misses you.
Aiming: Necrotise (safe; 3% risk of failure)
Press: ? - help, Q - select action Shift-Dir - straight line, f - bat
Aim: a bat (chance to affect: 84%)
Okay, then.
The bat closely misses you.
Aiming: Necrotise (safe; 3% risk of failure)
Press: ? - help, Q - select action Shift-Dir - straight line, f - bat
Aim: a bat (chance to affect: 84%)
The bat barely resists.
The bat hits you but does no damage.
Unknown command.
Aiming: Necrotise (safe; 3% risk of failure)
Press: ? - help, Q - select action Shift-Dir - straight line, f/p - bat
Aim: a bat (chance to affect: 84%)
The bat writhes in agony.
The bat hits you.
Unknown command.
Aiming: Necrotise (safe; 3% risk of failure)
Press: ? - help, Q - select action Shift-Dir - straight line, f/p - bat
Aim: a bat (heavily wounded, chance to affect: 84%)
The bat writhes in agony.
You kill the bat!
The dead are flying!
You start resting.
HP restored.
The endoplasm quivers.
Aiming: Necrotise (safe; 3% risk of failure)
Press: ? - help, Q - select action Shift-Dir - straight line, f - you That beam is likely to hit you.
Continue anyway?
Okay, then.
Unknown command.
Aiming: Necrotise (safe; 3% risk of failure)
Press: ? - help, Q - select action Shift-Dir - straight line, f - endoplasm
Aim: an endoplasm (ally target, chance to affect: 84%)
The endoplasm barely resists.
Your bat skeleton hits the endoplasm but does no damage.
Unknown command.
Aiming: Necrotise (safe; 3% risk of failure)
Press: ? - help, Q - select action Shift-Dir - straight line, f/p - endoplasm
Aim: an endoplasm (ally target, chance to affect: 84%)
The endoplasm writhes in agony.
Your bat skeleton hits the endoplasm but does no damage. x3
Unknown command.
Aiming: Necrotise (safe; 3% risk of failure)
Press: ? - help, Q - select action Shift-Dir - straight line, f/p - endoplasm
Aim: an endoplasm (heavily wounded, ally target, chance to affect: 84%)
You miscast Necrotise.
You are very lightly contaminated with residual magic.
Nothing appears to happen.
Your bat skeleton hits the endoplasm but does no damage.
Your bat skeleton hits the endoplasm.
The endoplasm freezes your bat skeleton.
Your bat skeleton is frozen.
Your bat skeleton completely resists.
Your bat skeleton hits the endoplasm.
Your bat skeleton hits the endoplasm but does no damage. x2
The endoplasm hits your bat skeleton.
Your bat skeleton hits the endoplasm.
The endoplasm dies!
You start resting.
Your magical contamination has completely faded away.
You start resting.
Your bat skeleton crumbles into dust!
Magic restored.
A quokka comes into view.
Aiming: Necrotise (safe; 3% risk of failure)
Press: ? - help, Q - select action Shift-Dir - straight line, f - quokka
Aim: a quokka (chance to affect: 84%)
The quokka writhes in agony.
Unknown command.
Aiming: Necrotise (safe; 3% risk of failure)
Press: ? - help, Q - select action Shift-Dir - straight line, f/p - quokka
Aim: a quokka (lightly wounded, chance to affect: 84%)
You miscast Necrotise.
You are very lightly contaminated with residual magic.
Nothing appears to happen.
Aiming: Necrotise (safe; 3% risk of failure)
Press: ? - help, Q - select action Shift-Dir - straight line, f/p - quokka
Aim: a quokka (lightly wounded, chance to affect: 84%)
The quokka writhes in agony.
Unknown command.
Aiming: Necrotise (safe; 3% risk of failure)
Press: ? - help, Q - select action Shift-Dir - straight line, f/p - quokka
Aim: a quokka (heavily wounded, chance to affect: 84%)
The quokka writhes in agony.
The quokka bites you.
Unknown command.
Aiming: Necrotise (safe; 3% risk of failure)
Press: ? - help, Q - select action Shift-Dir - straight line, f/p - quokka
Aim: a quokka (severely wounded, chance to affect: 84%)
The quokka writhes in agony.
You kill the quokka!
The dead are hopping!
Unknown command.
Your magical contamination has completely faded away.
HP restored.
Your quokka skeleton crumbles into dust!
Found 5 stones.
You now have 30 gold pieces (gained 9).
Found a stone staircase leading down.
A kobold comes into view. It is wielding a +0 short sword.
The kobold shouts!
The kobold throws a stone.
The stone barely misses you.
Aiming: Necrotise (safe; 3% risk of failure)
Press: ? - help, Q - select action Shift-Dir - straight line, f - kobold
Aim: a kobold, wielding a +0 short sword and quivering stones (chance to affect: 84%)
The kobold barely resists.
Unknown command.
Aiming: Necrotise (safe; 3% risk of failure)
Press: ? - help, Q - select action Shift-Dir - straight line, f/p - kobold
Aim: a kobold, wielding a +0 short sword and quivering stones (chance to affect: 84%)
The kobold writhes in agony.
You kill the kobold!
The dead are walking!
Your Fighting skill increases to level 1!
You see here 4 stones.
You now have 37 gold pieces (gained 7).
Your kobold skeleton crumbles into dust!
Found a sapphire potion.
You open the door.
Found a leather armour.
There is an open door here.
A ball python comes into view.
Aiming: Necrotise (safe; 3% risk of failure)
Press: ? - help, Q - select action Shift-Dir - straight line, f - ball python
Aim: a ball python (asleep, chance to affect: 84%)
The ball python hisses angrily.
The ball python writhes in agony.
Unknown command.
Aiming: Necrotise (safe; 3% risk of failure)
Press: ? - help, Q - select action Shift-Dir - straight line, f/p - ball python
Aim: a ball python (severely wounded, chance to affect: 84%)
The ball python writhes in agony.
You kill the ball python!
Unknown command.
You swap places.
You now have 52 gold pieces (gained 15).
A frilled lizard comes into view.
The frilled lizard hisses angrily.
Aiming: Necrotise (safe; 3% risk of failure)
Press: ? - help, Q - select action Shift-Dir - straight line, f - frilled lizard
Aim: a frilled lizard (ally target, chance to affect: 84%)
The frilled lizard writhes in agony.
You kill the frilled lizard!
The dead are walking!
Your Stealth skill increases to level 2!
You have reached level 3!
Your experience leads to an increase in your attributes!
Increase (S)trength, (I)ntelligence, or (D)exterity?
You feel clever. x2
You feel more in touch with the powers of death.
This spell is quite dangerous to cast!
Memorise Vampiric Draining, consuming 3 spell levels and leaving 4?
Your ball python skeleton crumbles into dust!
You start memorising the spell.
You continue memorising. x3
You finish memorising.
Spell assigned to 'b'.
Your frilled lizard skeleton crumbles into dust!
g - a scroll labelled KOINEER FOERR A giant cockroach comes into view.
Aiming: Necrotise (safe; 3% risk of failure)
Press: ? - help, Q - select action Shift-Dir - straight line, f - giant cockroach
Aim: a giant cockroach (chance to affect: 92%)
You feel a surge of power!
The giant cockroach writhes in agony!
You kill the giant cockroach!
Unknown command.
You see here 5 stones.
A ball python comes into view.
The ball python hisses angrily.
Aiming: Necrotise (safe; 3% risk of failure)
Press: ? - help, Q - select action Shift-Dir - straight line, f - you You feel a surge of power!
That beam is likely to hit you.
Continue anyway? [Y]es or [N]o only, please.
That beam is likely to hit you.
Continue anyway?
Okay, then.
Unknown command.
Aiming: Necrotise (safe; 3% risk of failure)
Press: ? - help, Q - select action Shift-Dir - straight line, f - ball python
Aim: a ball python (chance to affect: 92%)
You feel a surge of power!
The ball python writhes in agony.
Unknown command.
Aiming: Necrotise (safe; 3% risk of failure)
Press: ? - help, Q - select action Shift-Dir - straight line, f/p - ball python
Aim: a ball python (severely wounded, chance to affect: 92%)
You feel a surge of power!
The ball python writhes in agony!
You kill the ball python!
The dead are slithering!
You swap places.
Your ball python skeleton crumbles into dust!
Things that are here:
a +0 short sword; 5 stones You open the door.
Found a sling.
There is an open door here.
You see here a +0 sling.
h - a +0 sling Adjust to which letter? (? for menu, Esc to quit)
b - a +0 sling;
h - a scroll labelled WOEMNO CIOLU
b - a +0 sling (weapon)
A bat comes into view.
A ball python comes into view.
The bat completely misses you. The bat misses you. The bat closely misses you.
Fire: b) +0 sling
Press: ? - help, Q - select action, (/) - cycle Shift-Dir - straight line, f - bat
Aim: a bat (34% to hit)
You shoot a sling bullet. The sling bullet hits the bat.
The bat is severely wounded.
The bat completely misses you.
Fire: b) +0 sling
Press: ? - help, Q - select action, (/) - cycle Shift-Dir - straight line, f/p - bat
Aim: a bat (severely wounded, 34% to hit)
You shoot a sling bullet.
The sling bullet closely misses the bat.
The bat hits you. x2
Fire: b) +0 sling
Press: ? - help, Q - select action, (/) - cycle Shift-Dir - straight line, f/p - bat
Aim: a bat (severely wounded, 34% to hit)
You shoot a sling bullet. The sling bullet hits the bat.
You kill the bat!
Unknown command.
You start resting.
HP restored.
You see here a bat corpse.
You shoot a sling bullet. The sling bullet hits the ball python!
You kill the ball python!
You pick up a There-And-Back Book and begin reading...
You add the spells Gell's Gravitas, Teleport Other and Dispersal to your library.
Found a stone staircase leading down.
i - 2 scrolls labelled WUFOICK JOALASM
Found a bubbling purple potion.
You see here an orb of wrath.
Done exploring.
Done exploring.
Search for what [? for help]? d: Unknown command.
There is a stone staircase leading down here.
You climb downwards.
Found a mace.
There is a stone staircase leading up here.
You see here a +0 mace.
An endoplasm comes into view.
The endoplasm moves out of view.
A ball python comes into view.
Fire: b) +0 sling
Press: ? - help, Q - select action, (/) - cycle Shift-Dir - straight line, f - ball python
Aim: a ball python (asleep, 98% to hit)
You shoot a sling bullet. The sling bullet hits the ball python.
The ball python hisses angrily.
The ball python is severely wounded.
The ball python bites you but does no damage.
The ball python grabs you. The ball python constricts you.
a - a +0 short sword (weapon)
Aiming: Necrotise (safe; 3% risk of failure)
Press: ? - help, Q - select action Shift-Dir - straight line, f/p - ball python
Aim: a ball python (severely wounded, constricting you, chance to affect: 93%)
You feel a surge of power!
The ball python writhes in agony!
You kill the ball python!
The dead are slithering!
Magic restored.
You swap places.
A bat comes into view.
A goblin comes into view. It is wielding a +0 dagger.
Found a club.
You swap places.
The endoplasm hits your ball python skeleton.
Your ball python skeleton bites the endoplasm.
The endoplasm hits your ball python skeleton.
Your ball python skeleton bites the endoplasm.
The endoplasm hits your ball python skeleton.
The bat hits your ball python skeleton.
Your ball python skeleton bites the endoplasm.
The bat hits your ball python skeleton.
Your ball python skeleton is destroyed!
Aiming: Necrotise (safe; 3% risk of failure)
Press: ? - help, Q - select action Shift-Dir - straight line, f - endoplasm
Aim: an endoplasm (severely wounded, chance to affect: 93%)
You feel a surge of power!
The endoplasm writhes in agony.
You kill the endoplasm!
The bat closely misses you.
Aiming: Necrotise (safe; 3% risk of failure)
Press: ? - help, Q - select action Shift-Dir - straight line, f - bat
Aim: a bat (chance to affect: 93%)
You feel a surge of power!
The bat writhes in agony.
You kill the bat!
The dead are flying!
You start resting.
Magic restored.
You swap places.
The goblin shouts!
Your bat skeleton crumbles into dust!
Aiming: Necrotise (safe; 3% risk of failure)
Press: ? - help, Q - select action Shift-Dir - straight line, f - goblin
Aim: a goblin, wielding a +0 dagger (chance to affect: 93%)
You feel a surge of power!
The goblin barely resists.
Unknown command.
Aiming: Necrotise (safe; 3% risk of failure)
Press: ? - help, Q - select action Shift-Dir - straight line, f/p - goblin
Aim: a goblin, wielding a +0 dagger (chance to affect: 93%)
You feel a surge of power!
The goblin writhes in agony!
You kill the goblin!
The dead are walking!
A giant cockroach comes into view.
The giant cockroach bites your goblin skeleton.
Your goblin skeleton completely misses the giant cockroach.
The giant cockroach barely misses your goblin skeleton. x2
Your goblin skeleton barely misses the giant cockroach.
The giant cockroach bites your goblin skeleton.
Your goblin skeleton closely misses the giant cockroach.
The giant cockroach bites your goblin skeleton.
The giant cockroach bites your goblin skeleton.
Your goblin skeleton is destroyed!
Aiming: Necrotise (safe; 3% risk of failure)
Press: ? - help, Q - select action Shift-Dir - straight line, f - giant cockroach
Aim: a giant cockroach (chance to affect: 93%)
You feel a surge of power!
The giant cockroach writhes in agony!
You kill the giant cockroach!
Unknown command.
Found a smoky ruby potion.
Things that are here:
a +0 dagger; a giant cockroach corpse
Found a stone staircase leading down.
g - 2 scrolls labelled KOINEER FOERR (gained 1)
There is a stone staircase leading down here.
You now have 67 gold pieces (gained 15).
There is a stone staircase leading down here.
Found a stone staircase leading up.
You now have 81 gold pieces (gained 14).
There is a stone staircase leading up here.
Found a leather armour.
You see here a +0 leather armour.
Found a leather armour.
i - 3 scrolls labelled WUFOICK JOALASM (gained 1)
You open the door.
There is an open door here.
Found a stone staircase leading down.
You open the door.
There is an open door here.
An endoplasm comes into view.
Aiming: Necrotise (safe; 3% risk of failure)
Press: ? - help, Q - select action Shift-Dir - straight line, f - you
Okay, then.
Aiming: Necrotise (safe; 3% risk of failure)
Press: ? - help, Q - select action Shift-Dir - straight line, f - endoplasm
Aim: an endoplasm (asleep, chance to affect: 93%)
You feel a surge of power!
You miscast Necrotise.
You are very lightly contaminated with residual magic.
Nothing appears to happen.
Aiming: Necrotise (safe; 3% risk of failure)
Press: ? - help, Q - select action Shift-Dir - straight line, f/p - endoplasm
Aim: an endoplasm (asleep, chance to affect: 93%)
You feel a surge of power!
The endoplasm writhes in agony.
Unknown command.
Aiming: Necrotise (safe; 3% risk of failure)
Press: ? - help, Q - select action Shift-Dir - straight line, f/p - endoplasm
Aim: an endoplasm (almost dead, chance to affect: 93%)
You feel a surge of power!
The endoplasm barely resists.
Unknown command.
Aiming: Necrotise (safe; 3% risk of failure)
Press: ? - help, Q - select action Shift-Dir - straight line, f/p - endoplasm
Aim: an endoplasm (almost dead, chance to affect: 93%)
You feel a surge of power!
The endoplasm writhes in agony.
You kill the endoplasm!
Unknown command.
Your magical contamination has completely faded away.
A kobold comes into view. It is wielding a +0 club.
Found a smoky ruby potion.
Aiming: Necrotise (safe; 3% risk of failure)
Press: ? - help, Q - select action Shift-Dir - straight line, f - kobold
Aim: a kobold, wielding a +0 club and quivering stones (asleep, chance to affect: 93%)
You feel a surge of power!
The kobold shouts!
The kobold writhes in agony.
You kill the kobold!
The dead are walking!
You swap places.
You see here a +0 leather armour.
A ball python comes into view.
Found a scroll labelled WUFOICK JOALASM and a scroll labelled GAUPUILETO.
Aiming: Necrotise (safe; 3% risk of failure)
Press: ? - help, Q - select action Shift-Dir - straight line, f - ball python
Aim: a ball python (asleep, chance to affect: 93%)
You feel a surge of power!
The ball python hisses angrily.
The ball python writhes in agony!
You kill the ball python!
The dead are slithering!
You swap places.
Found a stone staircase leading down.
i - 4 scrolls labelled WUFOICK JOALASM (gained 1)
i - 5 scrolls labelled WUFOICK JOALASM (gained 1)
j - a scroll labelled GAUPUILETO You open the large door.
There is a large open door here.
Your ball python skeleton crumbles into dust!
You enter the shallow water.
Moving in this stuff is going to be slow.
A frilled lizard comes into view.
The frilled lizard hisses angrily.
A rat comes into view.
Aiming: Necrotise (safe; 3% risk of failure)
Press: ? - help, Q - select action Shift-Dir - straight line, f - frilled lizard
Aim: a frilled lizard (chance to affect: 93%)
You feel a surge of power!
The frilled lizard writhes in agony!
You kill the frilled lizard!
The dead are walking!
A kobold comes into view. It is wielding a +0 club.
Aiming: Necrotise (safe; 3% risk of failure)
Press: ? - help, Q - select action Shift-Dir - straight line, f - rat
Aim: a rat (ally target, chance to affect: 93%)
You feel a surge of power!
The rat writhes in agony.
The kobold throws a stone.
The stone barely misses you.
Unknown command.
Aiming: Necrotise (safe; 3% risk of failure)
Press: ? - help, Q - select action Shift-Dir - straight line, f/p - rat
Aim: a rat (severely wounded, ally target, chance to affect: 93%)
You feel a surge of power!
The rat writhes in agony!
You kill the rat!
The dead are walking!
The kobold throws a stone.
The stone hits you but does no damage.
The kobold throws a stone.
The stone hits you but does no damage.
Aiming: Necrotise (safe; 3% risk of failure)
Press: ? - help, Q - select action Shift-Dir - straight line, f - you
Okay, then.
The kobold throws a stone.
The stone closely misses you.
Aiming: Necrotise (safe; 3% risk of failure)
Press: ? - help, Q - select action Shift-Dir - straight line, f - kobold
Aim: a kobold, wielding a +0 club and quivering stones (ally target, chance to affect: 93%)
You feel a surge of power!
The kobold writhes in agony!
You kill the kobold!
You hear a splash. x2
The dead are walking!
You start resting.
Your rat skeleton crumbles into dust!
Your frilled lizard skeleton crumbles into dust!
Your kobold skeleton crumbles into dust!
Magic restored.
A kobold comes into view.
It is wielding a +1 whip of electrocution.
Found a scroll labelled WOEMNO CIOLU.
Aiming: Necrotise (safe; 2% risk of failure)
Press: ? - help, Q - select action Shift-Dir - straight line, f - you You feel a surge of power!
That beam is likely to hit you.
Continue anyway?
Okay, then.
A ball python comes into view.
The ball python hisses angrily.
The ball python moves out of view.
Aiming: Necrotise (safe; 2% risk of failure)
Press: ? - help, Q - select action Shift-Dir - straight line, f - you
Okay, then.
Found a plate armour.
Aiming: Necrotise (safe; 2% risk of failure)
Press: ? - help, Q - select action Shift-Dir - straight line, f - ball python
Aim: a ball python (chance to affect: 93%)
You feel a surge of power!
The ball python writhes in agony.
The kobold shouts!
Unknown command.
Aiming: Necrotise (safe; 2% risk of failure)
Press: ? - help, Q - select action Shift-Dir - straight line, f/p - ball python
Aim: a ball python (moderately wounded, chance to affect: 93%)
You feel a surge of power!
The ball python writhes in agony.
You kill the ball python!
The dead are slithering!
Aiming: Necrotise (safe; 2% risk of failure)
Press: ? - help, Q - select action Shift-Dir - straight line, f - kobold
Aim: a kobold, wielding a +1 whip of electrocution (ally target, chance to affect: 93%)
You feel a surge of power!
You miscast Necrotise.
You are very lightly contaminated with residual magic.
Nothing appears to happen.
Aiming: Necrotise (safe; 2% risk of failure)
Press: ? - help, Q - select action Shift-Dir - straight line, f/p - kobold
Aim: a kobold, wielding a +1 whip of electrocution (ally target, chance to affect: 93%)
You feel a surge of power!
The kobold writhes in agony.
You kill the kobold!
The dead are walking!
h - 2 scrolls labelled WOEMNO CIOLU (gained 1)
You swap places.
You see here a +1 whip of electrocution.
k - a +1 whip of electrocution Adjust to which letter? (? for menu, Esc to quit)
a - a +1 whip of electrocution;
k - a +0 short sword (weapon)
You hear the crackle of electricity.
a - a +1 whip of electrocution (weapon)
You start resting.
Your magical contamination has completely faded away.
You start resting.
Your kobold skeleton crumbles into dust!
Your ball python skeleton crumbles into dust!
Magic restored.
You enter the shallow water.
Moving in this stuff is going to be slow.
Things that are here:
a +0 club; a stone You see here a +0 plate armour.
You open the large door.
There is a large open door here.
A giant cockroach comes into view.
Aiming: Necrotise (safe; 2% risk of failure)
Press: ? - help, Q - select action Shift-Dir - straight line, f - giant cockroach
Aim: a giant cockroach (asleep, chance to affect: 93%)
You feel a surge of power!
The giant cockroach writhes in agony.
Unknown command.
Aiming: Necrotise (safe; 2% risk of failure)
Press: ? - help, Q - select action Shift-Dir - straight line, f/p - giant cockroach
Aim: a giant cockroach (heavily wounded, chance to affect: 93%)
You feel a surge of power!
The giant cockroach writhes in agony.
You kill the giant cockroach!
Unknown command.
Found 5 stones.
Found a dark potion.
Found a ring mail.
You see here a +0 ring mail.
A giant cockroach comes into view.
Aiming: Necrotise (safe; 2% risk of failure)
Press: ? - help, Q - select action Shift-Dir - straight line, f - giant cockroach
Aim: a giant cockroach (asleep, chance to affect: 93%)
You feel a surge of power!
The giant cockroach writhes in agony.
Unknown command.
Aiming: Necrotise (safe; 2% risk of failure)
Press: ? - help, Q - select action Shift-Dir - straight line, f/p - giant cockroach
Aim: a giant cockroach (almost dead, chance to affect: 93%)
You feel a surge of power!
The giant cockroach barely resists.
Unknown command.
Aiming: Necrotise (safe; 2% risk of failure)
Press: ? - help, Q - select action Shift-Dir - straight line, f/p - giant cockroach
Aim: a giant cockroach (almost dead, chance to affect: 93%)
You feel a surge of power!
The giant cockroach barely resists.
Unknown command.
You hit the giant cockroach.
You kill the giant cockroach!
Found a leather armour.
An endoplasm comes into view.
Found a leather armour.
Aiming: Necrotise (safe; 2% risk of failure)
Press: ? - help, Q - select action Shift-Dir - straight line, f - endoplasm
Aim: an endoplasm (asleep, chance to affect: 93%)
You feel a surge of power!
The endoplasm quivers.
The endoplasm writhes in agony.
Aiming: Necrotise (safe; 2% risk of failure)
Press: ? - help, Q - select action Shift-Dir - straight line, f/p - endoplasm
Aim: an endoplasm (lightly wounded, chance to affect: 93%)
You feel a surge of power!
The endoplasm barely resists.
Unknown command.
Aiming: Necrotise (safe; 2% risk of failure)
Press: ? - help, Q - select action Shift-Dir - straight line, f/p - endoplasm
Aim: an endoplasm (lightly wounded, chance to affect: 93%)
You feel a surge of power!
The endoplasm writhes in agony.
Unknown command.
Aiming: Necrotise (safe; 2% risk of failure)
Press: ? - help, Q - select action Shift-Dir - straight line, f/p - endoplasm
Aim: an endoplasm (severely wounded, chance to affect: 93%)
You feel a surge of power!
The endoplasm writhes in agony.
Unknown command.
Aiming: Necrotise (safe; 2% risk of failure)
Press: ? - help, Q - select action Shift-Dir - straight line, f/p - endoplasm
Aim: an endoplasm (almost dead, chance to affect: 93%)
You feel a surge of power!
The endoplasm writhes in agony.
You kill the endoplasm!
Unknown command.
Found a fizzy golden potion and 5 stones.
You see here a +0 leather armour.
l - a scroll labelled AMICOL ANECIC You open the door.
There is an open door here.
A sourceless malevolence fills the Dungeon...
You fall into a shaft and drop 2 floors!
The shaft crumbles and collapses.
You now have 95 gold pieces (gained 14).
Found a stone staircase leading down.
You now have 106 gold pieces (gained 11).
There is a stone staircase leading down here.
Found a stone staircase leading up.
There is a stone staircase leading up here.
You climb upwards.
Found a scroll labelled GAUPUILETO.
There is a stone staircase leading down here.
You climb downwards.
There is a stone staircase leading up here.
You now have 112 gold pieces (gained 6).
There is a stone staircase leading up here.
An adder comes into view.
Aiming: Necrotise (safe; 2% risk of failure)
Press: ? - help, Q - select action Shift-Dir - straight line, f - adder
Aim: an adder (wandering, hasn't noticed you, chance to affect: 88%)
You feel a surge of power!
The adder writhes in agony!
Unknown command.
Aiming: Necrotise (safe; 2% risk of failure)
Press: ? - help, Q - select action Shift-Dir - straight line, f/p - adder
Aim: an adder (severely wounded, chance to affect: 88%)
You feel a surge of power!
The adder writhes in agony!
You kill the adder!
Unknown command.
Magic restored.
You swap places.
Found a smoky ruby potion.
A giant cockroach comes into view.
Aiming: Necrotise (safe; 2% risk of failure)
Press: ? - help, Q - select action Shift-Dir - straight line, f - you
Okay, then.
Aiming: Necrotise (safe; 2% risk of failure)
Press: ? - help, Q - select action Shift-Dir - straight line, f - you
Okay, then.
The giant cockroach barely misses your adder skeleton.
Your adder skeleton barely misses the giant cockroach.
The giant cockroach bites your adder skeleton.
Your adder skeleton bites the giant cockroach.
Your adder skeleton crumbles into dust!
You hit the giant cockroach.
You kill the giant cockroach!
Found an inky potion.
Unknown command.
i - 6 scrolls labelled WUFOICK JOALASM (gained 1)
Found a dark potion.
Found a robe and 2 silvery potions.
Found a scale mail.
You now have 126 gold pieces (gained 14).
A black bear comes into view.
Found a scroll labelled WUFOICK JOALASM.
Found a stone staircase leading up.
The black bear growls angrily.
You see here a dark potion.
You see here a +6 ring of dexterity.
m - a +6 ring of dexterity A kobold comes into view.
It is wielding a +0 dagger.
The kobold shouts!
The kobold attacks as you move away! The kobold hits you with a +0 dagger.
The kobold attacks as you move away! The kobold barely misses you.
The kobold attacks as you move away! The kobold hits you but does no damage.
Aiming: Necrotise (safe; 2% risk of failure)
Press: ? - help, Q - select action Shift-Dir - straight line, f - kobold
Aim: a kobold, wielding a +0 dagger (chance to affect: 93%)
You feel a surge of power!
The kobold writhes in agony.
The kobold barely misses you.
Unknown command.
Aiming: Necrotise (safe; 2% risk of failure)
Press: ? - help, Q - select action Shift-Dir - straight line, f/p - kobold
Aim: a kobold, wielding a +0 dagger (severely wounded, chance to affect: 93%)
You feel a surge of power!
The kobold writhes in agony.
You kill the kobold!
The dead are walking!
Unknown command.
Unknown command.
You barely miss the black bear. The black bear bites you.
The black bear closely misses you. The black bear barely misses you.
You closely miss the black bear. The black bear bites you.
The black bear claws you. x2
Your kobold skeleton hits the black bear but does no damage.
You hit the black bear.
The black bear is lightly wounded.
The black bear closely misses you. The black bear claws you. x2
Your kobold skeleton hits the black bear but does no damage.
Casting: Necrotise (safe; 2% risk of failure)
Confirm with . or Enter, or press ? or * to list all spells.
The spell is quite dangerous to miscast (8% risk of failure)!
Continue anyway?
Okay, then.
Casting: Vampiric Draining (quite dangerous; 8% risk of failure)
Confirm with . or Enter, or press ? or * to list all spells.
The spell is quite dangerous to miscast (8% risk of failure)!
Continue anyway?
Aiming: Vampiric Draining (quite dangerous; 8% risk of failure)
Press: ? - help, Shift-Dir - straight line, f - black bear
Aim: a black bear (lightly wounded, ally target)
You feel a surge of power!
You miscast Vampiric Draining.
You are very lightly contaminated with residual magic.
Nothing appears to happen.
The black bear bites you.
* * * LOW HITPOINT WARNING * * *
The black bear claws you but does no damage.
The black bear claws you.
* * * LOW HITPOINT WARNING * * *
Your kobold skeleton hits the black bear.
Casting: Vampiric Draining (quite dangerous; 8% risk of failure)
Confirm with . or Enter, or press ? or * to list all spells.
You don't have enough magic to cast this spell.
You hit the black bear.
The black bear is moderately wounded.
The black bear bites you.
You die...

Skill      XL: |  1  2 |
---------------+-------+-----
Spellcasting   | 3 |  3.4
Fighting       | 1 |  1.4
Stealth        | 2 |  2.1
Dodging        | |  1.5
Necromancy     | |  4.6

Action                     || total
---------------------------++-------
  Melee: Unarmed           ||    25
         Whip              ||     6
   Fire: Sling             ||     5
   Cast: Necrotise         ||    76
 Armour: Robe              ||    11
  Dodge: Dodged            ||    44

Levels and vault maps discovered:
D:1:      minmay_arrival_wavy_path, layout_basic
D:2:      kennysheep_big_flooded_room, layout_basic
D:3:      cheibrodos_fertilizer, layout_basic, nicolae_ru_the_path_less_chosen,
          kennysheep_okawaru_gauntlet, marbit_many_paths, grunt_gozag_statues
D:4:      layout_loops_cross, minmay_misc_feat_alley

Notes
Turn   | Place    | Note
-------+----------+-------------------------------------------
     0 | D:1      | scionoferis the Mummy Necromancer began the quest for the
                  | Orb.
     0 | D:1      | Reached XP level 1. HP: 13/13 MP: 4/4
   148 | D:1      | Reached XP level 2. HP: 20/20 MP: 2/5
   277 | D:1      | Reached skill level 3 in Spellcasting
   700 | D:1      | Reached skill level 1 in Fighting
   923 | D:1      | Reached skill level 2 in Stealth
   923 | D:1      | Gained mutation: You are in touch with the powers of death.
                  | [Mummy growth]
   923 | D:1      | Reached XP level 3. HP: 26/26 MP: 5/7
   927 | D:1      | Learned a level 3 spell: Vampiric Draining
  1917 | D:2      | You fall into a shaft and drop 2 floors!
  2000 | D:3      | Noticed a phantom
  2088 | D:4      | Noticed a black bear
  2123 | D:4      | HP: 2/26 [black bear (3)]
  2124 | D:4      | Slain by a black bear

Vanquished Creatures
  An adder (D:4)
  2 dart slugs (D:1)
  3 bats (D:1 D:2)
  4 endoplasms (D:1 D:2)
  5 giant cockroaches (D:1 D:2 D:4)
  2 goblins (D:1 D:2)
  A hobgoblin (D:1)
  4 jackals (D:1)
  6 kobolds (D:1 D:2 D:4)
  2 quokkas (D:1)
  10 ball pythons (D:1 D:2)
  2 frilled lizards (D:1 D:2)
  A rat (D:2)
43 creatures vanquished.

Vanquished Creatures (collateral kills)
  An endoplasm (D:1)
1 creature vanquished.

Grand Total: 44 creatures vanquished

Table legend: (Time is in decaauts)
 A = Elapsed time spent in this place.
 B = Non-inter-level travel time spent in this place.
 C = Inter-level travel time spent in this place.
 D = Time resting spent in this place.
 E = Time spent auto-exploring this place.
 F = Levels seen in this place.
 G = Mean time per level.
                   A        B        C        D        E       F      G
               +--------+--------+--------+--------+--------+-----+--------+
         Total |   2125 |   2125 |      0 |    225 |   1541 |   4 |  531.2 |
       Dungeon |   2125 |   2125 |      0 |    225 |   1541 |   4 |  531.2 |
               +--------+--------+--------+--------+--------+-----+--------+

Top non-repeatable levels by time:
     D:1: 1225 daAuts
     D:2: 693 daAuts
     D:4: 205 daAuts
     D:3: 1 daAuts

Table legend:
 A = Non-vault XP
 B = Vault XP
 C = Vault XP percentage of total XP
 D = Non-vault monster count
 E = Vault monster count
 F = Vault count percentage of total count
                 A         B        C        D         E       F
            +---------+---------+-------+---------+---------+-------
      Total |      89 |       2 |   2.2 |      42 |       2 |   4.5
            +---------+---------+-------+---------+---------+-------
        D:1 |      48 |       0 |   0.0 |      25 |       0 |   0.0
        D:2 |      24 |       2 |   7.7 |      14 |       2 |  12.5
        D:4 |      17 |       0 |   0.0 |       3 |       0 |   0.0
            +---------+---------+-------+---------+---------+-------
